 Dungeon Sprint DCSS version 0.22-a0-580-gd5db89c (webtiles) character file.

13486 Kidiri the Fighter (level 11, -4/110 HPs)
             Began as a Yellow Draconian Transmuter on July 3, 2018.
             Slain by an ettin
             ... wielding a cursed -2 dire flail
              (38 damage)
             ... in the Dungeon (Sprint IX: "|||||||||||||||||||||||||||||").
             The game lasted 00:16:59 (4191 turns).

Kidiri the Fighter (Yellow Draconian Transmuter)    Turns: 4191, Time: 00:17:00

Health: -4/110     AC:  2    Str: 16    XL:     11   Next: 76%
Magic:  23/24      EV: 22    Int: 14    God:
Gold:   1652       SH:  0    Dex: 14    Spells: 13/28 levels left

rFire    . . .     SeeInvis .     - Unarmed
rCold    . . .     Gourm    .   (shield currently unavailable)
rNeg     . . .     Faith    .   (armour unavailable)
rPois    .         Spirit   .   (helmet restricted)
rElec    .         Reflect  .   l - +2 cloak
rCorr    +         Harm     .   (gloves currently unavailable)
MR       .....     NoTele   +   (no boots)
Stlth    ++++......             (no amulet)
HPRegen  0.28/turn              n - +2 ring of evasion
MPRegen  0.19/turn              o - +3 ring of strength

@: lethally poisoned (-4 -> -9), short of breath, blade hands, weakened,
corroded
A: spit acid, acid resistance, unfitting armour, cold-blooded, AC +7
a: Breathe Acid, End Transformation


You were in the Dungeon.
You were near starving.
You had blades for hands.
You visited 1 branch You collected 1931 gold pieces.
You spent 279 gold pieces at shops.

Inventory:

Missiles
 a - 38 arrows
Armour
 l - a +2 cloak (worn)
 m - a +2 pair of gloves (melded)
Jewellery
 n - a +2 ring of evasion (left scythe-like blade)
 o - a +3 ring of strength (right scythe-like blade)
 y - an uncursed ring of protection from fire
 z - a +2 ring of strength
 A - an uncursed ring of protection from fire
Wands
 k - a wand of acid (19)
Scrolls
 h - 4 scrolls of remove curse
 i - 2 scrolls of blinking
 j - 3 scrolls of amnesia
 s - 3 scrolls of enchant armour
 t - 2 scrolls of fog
 v - 2 scrolls of identify
 C - 2 scrolls of enchant weapon
Potions
 b - a potion of invisibility
 c - a potion of cancellation
 d - a potion of agility
 e - 4 potions of curing
 f - 3 potions of haste
 g - 4 potions of magic
 p - 2 potions of berserk rage
 q - a potion of resistance
 r - a potion of flight
 w - a potion of mutation
 B - 4 potions of heal wounds
Comestibles
 u - 8 rations
 x - 3 chunks of flesh


   Skills:
 * Level 14.0 Fighting
 * Level 12.2 Dodging
 + Level 9.4 Stealth
 + Level 10.0 Unarmed Combat
 + Level 9.0 Spellcasting
 * Level 13.1 Transmutations
 + Level 7.5 Ice Magic
 + Level 9.0 Poison Magic


You had 13 spell levels left.
You knew the following spells:

 Your Spells              Type           Power        Failure   Level  Hunger
a - Beastly Appendage     Tmut           #####.       6%          1    None
b - Sticks to Snakes      Tmut           #####...     7%          2    None
c - Spider Form           Tmut/Pois      #####.....   11%         3    ##.....
d - Ice Form              Ice/Tmut       #####...     19%         4    ####...
e - Blade Hands           Tmut           #####.....   19%         5    #####..

Your spell library contained the following spells:

 Spells                   Type           Power        Failure   Level  Hunger


Dungeon Overview and Level Annotations

Branches:
Dungeon (1/1)

Altars:
Cheibriados
Dithmenos
Elyvilon
Fedhas
Gozag
Hepliaklqana
Kikubaaqudgha
Makhleb
Nemelex Xobeh
Okawaru
Qazlal
Ru
Sif Muna
Trog
Uskayaw
Vehumet
Wu Jian
Xom
Yredelemnul
Zin
The Shining One
Beogh
Jiyva
Lugonu

Shops:
D [[**


Innate Abilities, Weirdness & Mutations

You can spit globs of acid.
You are resistant to acid.
Your golden yellow scales are hard. (AC +7)
You cannot fit into any form of body armour.
You are cold-blooded and may be slowed by cold attacks.


Message History

Unknown command.
Press: ? - help, Shift-Dir - straight line, f - ettin
Aim: an ettin, wielding an enchanted dire flail and a dire flail You spit a glob of acid.
The glob of acid hits the ettin.
The ettin is splashed with acid.
The acid corrodes the ettin!
The ettin is lightly wounded.
The ettin is splashed with acid.
The acid corrodes the ettin!
You feel somewhat more hungry.
You feel sick.
The kobold demonologist casts a cantrip, but nothing happens.
A rakshasa comes into view. It is wielding a trident.
You slash the ettin! x2
The ettin is heavily wounded.
You are near starving!
You feel sick.
The ettin hits you with an enchanted dire flail!!
The ettin hits you with a dire flail!
You slash the ettin!
The ettin is severely wounded.
The ettin hits you with an enchanted dire flail!!!
You die...

▓.▓∩▓.▓.▓.▓.▓
▓R▓.▓.▓.▓[▓.▓'▓
▓3▓.▓∩▓.▓)▓.▓.▓
▓K▓.▓.▓)▓.▓.▓.▓
▓5▓.▓∩▓.▓.▓.▓[▓
▓.▓)▓.▓.▓.▓.▓.▓
▓K▓.▓∩▓.▓.▓.▓.▓
▓C▓.▓)▓.▓.▓.▓)▓
▓@▓.▓.▓.▓.▓.▓|▓
▓[▓.▓.▓.▓.▓.▓)▓
▓'▓.▓)▓.▓÷▓.▓†▓
▓.▓.▓.▓.▓÷▓.▓'▓
▓.▓.▓)▓.▓.▓.▓_▓
▓.▓.▓.▓.▓.▓.▓_▓
▓.▓.▓.▓.▓.▓.▓_▓
▓.▓.▓.▓.▓.▓.▓_▓
▓.▓.▓.▓.▓.▓.▓_▓


You could see an ettin, a rakshasa, a soul eater, 2 kobold demonologists and an
iron imp.

Vanquished Creatures
  A centaur warrior (D)
  A two-headed ogre (D)
  8 orc knights (D)
  A manticore (D)
  Maurice (D)
  Psyche (D)
  A black mamba (D)
  A torpor snail (D)
  A rime drake (D)
  3 spiny frogs (D)
  A komodo dragon (D)
  A troll (D)
  7 polar bears (D)
  3 hippogriffs (D)
  A slime creature (D)
  4 yaks (D)
  Eustachio (D)
  A hungry ghost (D)
  A water moccasin (D)
  An acid dragon (D)
  A porcupine (D)
  13 orc warriors (D)
  A black bear (D)
  2 centaurs (D)
  A crocodile (D)
  4 bullfrogs (D)
  2 scorpions (D)
  A killer bee (D)
  A crimson imp (D)
  A hound (D)
  5 orc priests (D)
  A jelly (D)
  2 orc wizards (D)
  An adder skeleton (D)
  2 leopard geckos (D)
  11 orcs (D)
  A bat skeleton (D)
  A goblin (D)
  2 hobgoblins (D)
  A jackal (D)
  A frilled lizard (D)
95 creatures vanquished.

Vanquished Creatures (others)
  A spatial maelstrom (D)
1 creature vanquished.

Grand Total: 96 creatures vanquished

Notes
Turn   | Place    | Note
-------+----------+-------------------------------------------
     0 | D        | Kidiri the Draconian Transmuter began the quest for the Orb.
     0 | D        | Reached XP level 1. HP: 16/16 MP: 3/3
     5 | D        | Banished a spatial maelstrom
    21 | D        | Reached skill level 2 in Fighting
    25 | D        | Reached XP level 2. HP: 18/24 MP: 5/5
   200 | D        | Learned a level 2 spell: Sticks to Snakes
   274 | D        | Noticed a crimson imp
   274 | D        | Noticed a scorpion
   281 | D        | Reached skill level 1 in Stealth
   297 | D        | Killed a scorpion
   297 | D        | Reached skill level 3 in Fighting
   297 | D        | Reached XP level 3. HP: 33/33 MP: 5/7
   300 | D        | Reached skill level 4 in Fighting
   300 | D        | Reached XP level 4. HP: 38/41 MP: 5/8
   483 | D        | Found a roughly hewn altar of Beogh.
   483 | D        | Found a snail-covered altar of Cheibriados.
   483 | D        | Found a shadowy altar of Dithmenos.
   483 | D        | Found a white marble altar of Elyvilon.
   483 | D        | Found a blossoming altar of Fedhas.
   483 | D        | Found an opulent altar of Gozag.
   484 | D        | Found a hazy altar of Hepliaklqana.
   485 | D        | Found a viscous altar of Jiyva.
   486 | D        | Found an ancient bone altar of Kikubaaqudgha.
   487 | D        | Found a corrupted altar of Lugonu.
   488 | D        | Found a burning altar of Makhleb.
   489 | D        | Found a sparkling altar of Nemelex Xobeh.
   490 | D        | Found an iron altar of Okawaru.
   491 | D        | Found a stormy altar of Qazlal.
   492 | D        | Found a sacrificial altar of Ru.
   493 | D        | Found a deep blue altar of Sif Muna.
   494 | D        | Found a bloodstained altar of Trog.
   495 | D        | Found a hide-covered altar of Uskayaw.
   496 | D        | Found a radiant altar of Vehumet.
   497 | D        | Found an ornate altar of the Wu Jian Council.
   498 | D        | Found a shimmering altar of Xom.
   499 | D        | Found a basalt altar of Yredelemnul.
   500 | D        | Found a glowing silver altar of Zin.
   501 | D        | Found a glowing golden altar of the Shining One.
   507 | D        | Learned a level 3 spell: Spider Form
   546 | D        | Noticed a bullfrog
   546 | D        | Noticed a yak
   546 | D        | Noticed a two-headed ogre
   560 | D        | Killed a two-headed ogre
   560 | D        | Reached skill level 8 in Fighting
   560 | D        | Reached skill level 5 in Stealth
   560 | D        | Reached skill level 5 in Spellcasting
   560 | D        | Reached XP level 5. HP: 31/53 MP: 6/12
   560 | D        | Reached XP level 6. HP: 36/61 MP: 6/13
   560 | D        | Your scales start taking on a golden yellow colour.
   560 | D        | Reached XP level 7. HP: 40/68 MP: 6/14
   578 | D        | Killed a yak
   586 | D        | Reached XP level 8. HP: 37/77 MP: 7/16
   772 | D        | Learned a level 4 spell: Ice Form
   778 | D        | Learned a level 5 spell: Blade Hands
   779 | D        | Noticed a centaur warrior
   779 | D        | Noticed a manticore
   789 | D        | Reached skill level 9 in Fighting
   789 | D        | Reached skill level 1 in Ice Magic
   795 | D        | Killed a manticore
   795 | D        | Reached skill level 5 in Poison Magic
   799 | D        | Killed a centaur warrior
   799 | D        | Reached skill level 10 in Fighting
   799 | D        | Reached XP level 9. HP: 49/85 MP: 13/18
  1182 | D        | Got the +3 falchion "Killer Klown's Death" {slice, rC++ Dex+4}
  1192 | D        | Noticed a spiny frog
  1192 | D        | Noticed a black mamba
  1193 | D        | Noticed a komodo dragon
  1195 | D        | Killed a black mamba
  1195 | D        | Reached skill level 10 in Transmutations
  1204 | D        | Killed a spiny frog
  1210 | D        | Reached skill level 11 in Fighting
  1217 | D        | Killed a komodo dragon
  1221 | D        | Reached XP level 10. HP: 37/96 MP: 12/20
  1447 | D        | Noticed a torpor snail
  1447 | D        | Noticed a spiny frog
  1447 | D        | Noticed a spiny frog
  1452 | D        | Killed a spiny frog
  1452 | D        | Reached skill level 10 in Dodging
  1458 | D        | Killed a spiny frog
  1458 | D        | Reached skill level 5 in Ice Magic
  1466 | D        | Killed a torpor snail
  1472 | D        | HP: 2/97 [porcupine's spines (11)]
  1845 | D        | Reached skill level 12 in Fighting
  2166 | D        | Noticed Eustachio
  2172 | D        | Noticed Psyche
  2175 | D        | Killed Eustachio
  2186 | D        | Killed Psyche
  2242 | D        | Reached XP level 11. HP: 105/105 MP: 17/23
  2453 | D        | Noticed an orc knight
  2453 | D        | Noticed an orc knight
  2469 | D        | Killed an orc knight
  2472 | D        | Killed an orc knight
  2472 | D        | Reached skill level 13 in Fighting
  3003 | D        | Found Ehaex's General Store.
  3003 | D        | Noticed an orc knight
  3003 | D        | Noticed an orc knight
  3010 | D        | Killed an orc knight
  3012 | D        | Noticed an orc knight
  3166 | D        | Killed an orc knight
  3595 | D        | Killed an orc knight
  3606 | D        | Found Jaukeih's Assorted Antiques.
  3608 | D        | Found Orghep's Antique Armour Boutique.
  3628 | D        | Found Tyfuwyh's Antique Armour Shop.
  3635 | D        | Bought a scroll of identify for 26 gold pieces
  3635 | D        | Bought a scroll of identify for 26 gold pieces
  3635 | D        | Bought a potion of mutation for 104 gold pieces
  3635 | D        | Bought a scroll of enchant armour for 97 gold pieces
  3635 | D        | Bought a scroll of identify for 26 gold pieces
  3635 | D        | Noticed an orc knight
  3636 | D        | Noticed an orc knight
  3745 | D        | Killed an orc knight
  3855 | D        | Killed an orc knight
  3878 | D        | Noticed an orc knight
  3885 | D        | Killed an orc knight
  4037 | D        | Noticed Maurice
  4045 | D        | Killed Maurice
  4171 | D        | Reached skill level 10 in Unarmed Combat
  4173 | D        | Noticed an ettin
  4176 | D        | Reached skill level 14 in Fighting
  4177 | D        | Noticed a soul eater
  4190 | D        | Noticed a rakshasa
  4191 | D        | Slain by an ettin

Vault maps used:
D:        linesprint

Skill      XL: |  1  2  3  4  5  6  7  8  9 10 11 |
---------------+----------------------------------+-----
Dodging        | 2 3 4 7 8 9 11 12 | 12.2
Fighting       | 2 3 4 8 10 11 12 14 | 14.0
Stealth        | 2 5 6 7 8 9 |  9.4
Transmutations | 3 4 7 8 9 10 11 13 | 13.1
Unarmed Combat | 4 6 7 8 9 10 | 10.0
Spellcasting   | 3 5 6 7 8 9 |  9.0
Poison Magic   | 4 5 6 7 9 |  9.0
Ice Magic      | 3 4 6 7 |  7.5

Action                   |  1- 3 |  4- 6 |  7- 9 | 10-12 || total
-------------------------+-------+-------+-------+-------++-------
Melee: Unarmed           |    43 |     5 |    70 |   198 ||   316
       Tailslap          |     6 |       |     3 |    28 ||    37
       Headbutt          |     4 |     1 |       |       ||     5
       Punch             |     1 |       |       |    10 ||    11
 Cast: Beastly Appendage |     4 |       |       |       ||     4
       Spider Form       |       |     1 |     1 |       ||     2
       Blade Hands       |       |       |     5 |    22 ||    27
       Sticks to Snakes  |       |       |       |     4 ||     4
 Abil: Breathe Acid      |       |       |     2 |    10 ||    12
       End Transformatio |       |       |       |     1 ||     1
  Use: Potion            |     3 |       |     2 |     1 ||     6
       Scroll            |       |       |       |     7 ||     7
 Stab: Sleeping          |       |       |     1 |     2 ||     3
  Eat: Chunk             |       |       |     2 |     8 ||    10
       Ration            |       |       |     1 |     2 ||     3
Armor: Skin              |     9 |       |     6 |    18 ||    33
Dodge: Dodged            |    23 |     7 |    59 |   121 ||   210

Table legend:
 A = Spawn XP
 B = Non-spawn XP
 C = Spawn XP percentage of total XP
 D = Spawn monster count
 E = Non-spawn monster count
 F = Spawn count percentage of total count
 G = Total turns spent on level
                    A         B        C        D         E        F      G
               +---------+---------+-------+---------+---------+-------+---------
         Total |       0 |   19266 |   0.0 |       0 |      95 |   0.0 |  4191
               +---------+---------+-------+---------+---------+-------+---------
             D |       0 |   19266 |   0.0 |       0 |      95 |   0.0 |  4191
               +---------+---------+-------+---------+---------+-------+---------
